 Dungeon Crawl Stone Soup version 0.28.0-1-gb440e238dd (webtiles) character file.

Game seed: 7043513812531586347

7833 diecastcamel the Cleaver (level 11, -1/99 HPs)
             Began as a Minotaur Berserker on Feb 18, 2022.
             Was a High Priest of Trog.
             Slain by a two-headed ogre (24 damage)
             ... on level 9 of the Dungeon on Feb 19, 2022.
             The game lasted 00:53:54 (13681 turns).

diecastcamel the Cleaver (Minotaur Berserker)      Turns: 13681, Time: 00:53:54

Health: -1/99      AC: 16    Str: 33    XL:     11   Next: 2%
Magic:  10/10      EV: 10    Int: 10    God:    Trog [*****.]
Gold:   104        SH:  0    Dex:  6    Spells: 10/10 levels left

rFire   + + .      SeeInvis +   t - +0 war axe (vorpal)
rCold   + . .      Faith    .   y - orb {light}
rNeg    . . .      Spirit   .   v - +2 plate armour {rF+}
rPois   .          Reflect  .   (helmet restricted)
rElec   .          Harm     .   (no cloak)
rCorr   .          Rampage  .   (no gloves)
Will    .....                   (no boots)
Stlth   ..........              (no amulet)
HPRegen 0.26/turn               s - ring of Immorality {rF+ Str+6 Int+6 Dex-3 SInv}
MPRegen 0.12/turn               i - ring of protection from cold

@: glowing
A: horns 2, retaliatory headbutt
a: Renounce Religion, Berserk, Trog's Hand, Brothers in Arms


You were on level 9 of the Dungeon.
You worshipped Trog.
Trog was extremely pleased with you.
You visited 1 branch of the dungeon, and saw 10 of its levels.

You collected 426 gold pieces.
You spent 322 gold pieces at shops.

Inventory:

Hand Weapons
 r - a +3 halberd of freezing
 t - a +0 vorpal war axe (weapon)
 w - a +0 vorpal mace
Missiles
 b - 15 poisoned darts (quivered)
 k - a throwing net
Armour
 v - a +2 plate armour of fire resistance (worn)
 x - a +2 plate armour of cold resistance
 y - an orb of light (worn)
Jewellery
 e - a ring of protection from fire
 i - a ring of protection from cold (right hand)
 s - the ring of Immorality (left hand) {rF+ Str+6 Int+6 Dex-3 SInv}
   (You found it on level 7 of the Dungeon)

   [ring of intelligence]

   Str:       It affects your strength (+6).
   Int:       It affects your intelligence (+6).
   Dex:       It affects your dexterity (-3).
   rF:        It protects you from fire.
   SInv:      It lets you see invisible.
Wands
 a - a wand of iceblast (37)
 l - a wand of polymorph (12)
 n - a wand of acid (6)
 p - a wand of digging (2)
Scrolls
 g - 3 scrolls of magic mapping
 h - 2 scrolls of enchant armour
 j - a scroll of enchant weapon
 m - a scroll of vulnerability
 o - 2 scrolls of immolation
Potions
 c - 3 potions of mutation
 d - 2 potions of curing {unknown}
 q - 3 potions of invisibility
 u - a potion of lignification {unknown}


   Skills:
 + Level 9.9 Fighting
 + Level 11.5 Axes
 + Level 9.5 Armour
 + Level 8.7 Dodging
 - Level 5.0 Evocations


You had 10 spell levels left.
You didn't know any spells.
Your spell library was empty.

Dungeon Overview and Level Annotations

Branches:
Dungeon (10/15)            Temple (0/1) D:5
   Lair: D:8-11         Orc: D:9-12

Altars:
Kikubaaqudgha

Shops:
D:8 !   D:9 :[


Innate Abilities, Weirdness & Mutations

You have a pair of horns on your head.
You reflexively headbutt those who attack you in melee.


Message History

Done exploring.
Search for what [Enter for "."]? .
There is a stone staircase leading down here.
You climb downwards.
The two-headed ogre shouts in stereo!
A centaur comes into view.
Found a stone staircase leading down.
There is a stone staircase leading up here.
The centaur shouts!
The centaur wields a +0 shortbow.
The centaur shoots an arrow.
The arrow closely misses you.
The two-headed ogre hits you with a +0 giant spiked club!!
The two-headed ogre hits you with a +0 giant club!!
You climb upwards.
There is a stone staircase leading down here.
You hit the two-headed ogre.
The two-headed ogre is lightly wounded.
The two-headed ogre closely misses you.
The two-headed ogre hits you with a +0 giant club.
You barely miss the two-headed ogre. You headbutt the two-headed ogre.
The two-headed ogre is lightly wounded.
The two-headed ogre hits you with a +0 giant spiked club!!
* * * LOW HITPOINT WARNING * * *
The two-headed ogre closely misses you.
Aiming: Polymorph
Press: ? - help, Shift-Dir - straight line, f - two-headed ogre
Aim: a two-headed ogre, wielding a +0 giant spiked club and a +0 giant club (lightly wounded, haloed, will become a shining eye, a swamp worm, or a shock serpent, chance to affect: 44%)
Okay, then.
You feel much better.
The two-headed ogre hits you with a +0 giant spiked club!
The two-headed ogre hits you but does no damage.
There is an escape hatch in the ceiling here.
There is a stone staircase leading up here.
The two-headed ogre hits you but does no damage.
The two-headed ogre hits you with a +0 giant club!!
* * * LOW HITPOINT WARNING * * *
There is a stone staircase leading up here.
The two-headed ogre hits you but does no damage.
The two-headed ogre hits you with a +0 giant club!!
You die...

#### #...............
#............... #...............
#...)..)........
##################....<.[........
.................................
..............>.......|..........
##############...O...............
# #..@################ # #...# #
# #...# #
##############...################
.......................(.........
......[..∩.......................
#################...#############
#...# # #...# #


You could see a two-headed ogre.

Vanquished Creatures
  A centaur warrior (D:9)
  A cyclops (D:9)
  Maggie (D:6)
  2 polar bears
  4 yaks (D:8)
  2 steam dragons (D:7)
  2 acid dragons
  3 water moccasins
  2 sky beasts
  4 orc warriors
  3 ice beasts
  2 black bears
  3 centaurs
  4 ogres
  2 phantoms
  3 kobold brigands
  3 bullfrogs
  2 scorpions (D:6)
  A wyvern skeleton (D:7)
  A water moccasin skeleton (D:4)
  20 killer bees
  6 wights
  A howler monkey (D:8)
  A wyvern simulacrum (D:8)
  A centaur zombie (D:5)
  6 hounds
  A jelly (D:5)
  2 gnoll shamans
  2 orc priests
  2 bullfrog skeletons (D:6)
  2 centaur skeletons
  Jessica (D:3)
  2 iguanas (D:5)
  11 orc wizards
  A killer bee zombie (D:7)
  A killer bee simulacrum (D:8)
  9 gnolls
  2 howler monkey skeletons (D:5)
  4 adders
  2 shadow imps
  5 white imps (D:8)
  4 ufetubi
  6 worms
  2 dart slugs
  32 orcs
  7 ball pythons
  7 bats
  9 endoplasms
  5 goblins
  5 hobgoblins
  3 jackals (D:3)
  2 quokkas
  5 frilled lizards
  7 kobolds
  7 rats
229 creatures vanquished.

Vanquished Creatures (collateral kills)
  An ogre (D:7)
  A jelly (D:7)
  A centaur skeleton (D:7)
3 creatures vanquished.

Vanquished Creatures (others)
  2 kobolds (D:6)
2 creatures vanquished.

Grand Total: 234 creatures vanquished

Notes
Turn   | Place    | Note
-------+----------+-------------------------------------------
     0 | D:1      | diecastcamel the Minotaur Berserker began the quest for the
                  | Orb.
     0 | D:1      | Reached XP level 1. HP: 19/19 MP: 0/0
   301 | D:1      | Reached XP level 2. HP: 22/27 MP: 1/1
   362 | D:1      | Reached skill level 4 in Axes
   667 | D:1      | Reached ** piety under Trog
   878 | D:2      | Reached XP level 3. HP: 24/33 MP: 2/2
  1935 | D:2      | Reached XP level 4. HP: 33/40 MP: 3/3
  2264 | D:3      | Noticed Jessica
  2281 | D:3      | Killed Jessica
  2469 | D:3      | Reached skill level 5 in Axes
  2737 | D:3      | Found a faded altar of an unknown god.
  3405 | D:4      | Reached XP level 5. HP: 36/47 MP: 4/4
  3554 | D:4      | Noticed a phantom
  3565 | D:4      | Killed a phantom
  3566 | D:4      | Reached skill level 5 in Fighting
  3566 | D:4      | Reached skill level 6 in Axes
  3566 | D:4      | Reached XP level 6. HP: 49/56 MP: 5/5
  4298 | D:5      | Entered Level 5 of the Dungeon
  4441 | D:5      | Reached *** piety under Trog
  4589 | D:5      | Reached skill level 1 in Evocations
  4589 | D:5      | Reached XP level 7. HP: 15/60 MP: 6/6
  4985 | D:5      | Reached skill level 5 in Armour
  5049 | D:5      | Found a staircase to the Ecumenical Temple.
  5143 | D:5      | Reached skill level 7 in Axes
  5600 | D:6      | Upgraded the game from 0.28.0 to 0.28.0-1-gb440e238dd
  5627 | D:6      | Noticed Maggie
  5629 | D:6      | Reached XP level 8. HP: 70/70 MP: 7/7
  5640 | D:6      | Killed Maggie
  5641 | D:6      | Reached skill level 5 in Dodging
  5989 | D:6      | Found an ancient bone altar of Kikubaaqudgha.
  6732 | D:6      | Reached skill level 8 in Axes
  6878 | D:6      | Reached XP level 9. HP: 74/79 MP: 8/8
  7646 | D:6      | Reached skill level 9 in Axes
  9623 | D:8      | Reached skill level 10 in Axes
 10283 | D:7      | Identified the ring of Immorality {rF+ Str+6 Int+6 Dex-3
                  | SInv}
 10434 | D:8      | Found Plog's Distillery.
 10444 | D:8      | Reached **** piety under Trog
 10445 | D:8      | Reached XP level 10. HP: 90/90 MP: 9/9
 10447 | D:8      | Bought a potion of haste for 130 gold pieces
 12386 | D:9      | Reached skill level 11 in Axes
 12461 | D:9      | Noticed a centaur warrior
 12469 | D:9      | Killed a centaur warrior
 12471 | D:9      | Noticed a cyclops
 12798 | D:9      | Killed a cyclops
 12799 | D:9      | Reached skill level 5 in Evocations
 13008 | D:10     | Entered Level 10 of the Dungeon
 13320 | D:9      | Found Cagh's Armour Emporium.
 13326 | D:9      | Bought an orb of light for 192 gold pieces
 13423 | D:9      | Reached XP level 11. HP: 97/99 MP: 10/10
 13435 | D:9      | Reached ***** piety under Trog
 13571 | D:9      | Found Tihoad's Book Boutique.
 13621 | D:10     | Noticed a two-headed ogre
 13681 | D:9      | Slain by a two-headed ogre

Illustrated notes

Levels and vault maps discovered:
D:1:      eino_arrival_water_star, layout_rooms, minmay_hedge_maze,
          chequers_avenue, minivault_25
D:2:      layout_basic
D:3:      layout_basic, chequers_ecumenical_altar_island, uniq_jessica
D:4:      layout_basic
D:5:      layout_cave_pools, temple_statues, st_stairs_3, glass_columns_a
D:6:      minmay_recursive_quarters, layout_loops_corners,
          lemuel_zombie_altar_kikubaaqudgha, minmay_misc_feat_square,
          dk_vineyard_3, uniq_maggie
D:7:      layout_basic, nicolae_fountain_basement
D:8:      layout_loops_ring, serial_ice, serial_ice_h, serial_ice_c,
          serial_ice_o, serial_ice_n, serial_ice_m, serial_ice_g,
          kennysheep_diamond
D:9:      layout_long_grid, serial_shops, shop, nicolae_shop_statue_plus
D:10:     kennysheep_spiral_hall, layout_basic, lair_entry_dummy,
          minmay_variable_closet, uniq_nergalle, uniq_maurice

Skill      XL: |  1  2  3  4  5  6  7  8  9 10 |
---------------+-------------------------------+-----
Axes           | 4 5 6 7 8 10 11 | 11.5
Fighting       | 4 5 6 7 8 9 |  9.9
Armour         | 3 4 5 6 8 9 |  9.5
Dodging        | 3 4 6 7 8 |  8.7
Evocations     | 1 2 3 5 |  5.0

Action                   |  1- 3 |  4- 6 |  7- 9 | 10-12 || total
-------------------------+-------+-------+-------+-------++-------
Melee: Hand axe          |   124 |   129 |       |       ||   253
       Headbutt          |    19 |    16 |    36 |    17 ||    88
       Punch             |     2 |     1 |     2 |     3 ||     8
       Halberd           |       |       |    63 |       ||    63
       War axe           |       |       |   163 |   144 ||   307
Throw: Dart              |     4 |       |    22 |       ||    26
Invok: Trog's Hand       |       |     4 |     3 |     2 ||     9
       Berserk           |       |     1 |     3 |     2 ||     6
Evoke: Wand              |       |     1 |     5 |    11 ||    17
  Use: Scroll            |       |     4 |    10 |     3 ||    17
       Potion            |       |       |       |     4 ||     4
Armor: Ring mail         |    37 |    23 |       |       ||    60
       Chain mail        |       |    11 |    79 |       ||    90
       Plate armour      |       |       |    40 |   138 ||   178
Dodge: Dodged            |    68 |    58 |   127 |   121 ||   374
